 Dungeon Crawl Stone Soup version 0.30-a0-800-g7c544603b3 (webtiles) character file.

Game seed: 1401180080728382123

92717 Pooter the Marksminotaur (level 15, -15/207 HPs)
             Began as a Minotaur Berserker on Feb 20, 2023.
             Was an Elder of Trog.
             Demolished by a phantasmal warrior (19 damage)
             ... on level 13 of the Dungeon on Feb 22, 2023.
             The game lasted 02:37:49 (23369 turns).

Pooter the Marksminotaur (Minotaur Berserker)      Turns: 23369, Time: 02:37:49

Health: -15/207    AC: 10    Str: 30    XL:     15   Next: 58%
Magic:  14/14      EV: 12    Int:  4    God:    Trog [****..]
Gold:   250        SH:  5    Dex: 11    Spells: 14/14 levels left

rFire   . . .      SeeInvis .    a - +1 battleaxe (heavy)
rCold   . . .      Faith    .    (shield currently unavailable)
rNeg    + + .      Spirit   .    r - +0 swamp dragon scales "Teaciuv" {rPois Slay+5}
rPois   +          Reflect  +    (helmet restricted)
rElec   +          Harm     .    Z - scarf {repulsion}
rCorr   +          Rampage  .    l - +2 pair of gloves {Str+3}
Will    +++..                    v - +0 pair of boots Stlth
                                 j - amulet of Jiunut {Reflect rElec Regen+ rCorr SH+5}
HPRegen 1.34/turn                q - ring of willpower
MPRegen 0.14/turn                F - ring of Ofutinio {rN++ Will+ Str+3 Int-4}

@: berserking, repel missiles, very quick
A: horns 2, retaliatory headbutt, deformed body
a: Renounce Religion, Berserk, Trog's Hand, Brothers in Arms


You were on level 13 of the Dungeon.
You worshipped Trog.
Trog was greatly pleased with you.
You visited 3 branches of the dungeon, and saw 22 of its levels.
You also visited: Gauntlet.

You collected 2598 gold pieces.
You spent 2348 gold pieces at shops.

Inventory:

Hand Weapons
 a - a +1 heavy battleaxe (weapon)
   (You found it on level 2 of the Lair of Beasts)
 b - a +3 arbalest of draining
   (You took it off an orc warrior on level 6 of the Dungeon)
 m - a +0 heavy morningstar
   (You took it off an orc warrior on level 9 of the Dungeon)
Missiles
 y - 20 boomerangs (quivered)
 z - 7 silver javelins
 J - 4 curare-tipped darts
Armour
 l - a +2 pair of gloves of strength (worn)
   (You found it on level 3 of the Dungeon)
 o - a scarf of resistance
   (You found it on level 13 of the Dungeon)
 r - the +0 swamp dragon scales "Teaciuv" (worn) {rPois Slay+5}
   (You bought it in a shop on level 5 of the Dungeon)

   Slay:      It affects your accuracy & damage with ranged weapons and melee
   (+5).
   rPois:     It protects you from poison.
 v - a +0 pair of boots (worn)
   (You found it on level 4 of the Dungeon)
 H - a +7 plate armour
   (You took it off an orc warrior on level 6 of the Dungeon)
 M - the +4 plate armour "Mogretel" {rN+ Str+3}
   (You found it in a Gauntlet)

   Str:       It affects your strength (+3).
   rN:        It protects you from negative energy.
 Y - a +1 cloak of preservation
   (You found it on level 10 of the Dungeon)
 Z - a scarf of repulsion (worn)
   (You found it on level 10 of the Dungeon)
Jewellery
 j - the amulet of Jiunut (around neck) {Reflect rElec Regen+ rCorr SH+5}
   (You bought it in a shop on level 9 of the Dungeon)

   [amulet of reflection]

   It reflects blocked missile attacks.
   rElec:     It insulates you from electricity.
   Regen:     It increases your rate of health regeneration.
   rCorr:     It protects you from acid and corrosion.
   SH:        It affects your SH (+5).
 q - a ring of willpower (left hand)
   (You took it off an orc on level 10 of the Dungeon)
 C - a ring of resist corrosion
   (You bought it in a shop on level 2 of the Orcish Mines)
 F - the ring of Ofutinio (right hand) {rN++ Will+ Str+3 Int-4}
   (You took it off a minotaur in a Gauntlet)

   [ring of willpower]

   Str:       It affects your strength (+3).
   Int:       It affects your intelligence (-4).
   rN:        It greatly protects you from negative energy.
   Will:      It increases your willpower.
 K - a +6 ring of intelligence
   (You found it on level 1 of the Dungeon)
 N - a ring of willpower
   (You found it on level 7 of the Dungeon)
 O - a ring of fire
   (You found it on level 7 of the Dungeon)
 U - the amulet "Puntocox" {RegenMP rF++}
   (You found it in a Gauntlet)

   [amulet of magic regeneration]

   It increases your rate of magic regeneration.
   rF:        It greatly protects you from fire.
Wands
 d - a wand of iceblast (22)
   (You found it on level 6 of the Dungeon)
 f - a wand of flame (19)
   (You found it on level 8 of the Dungeon)
 k - a wand of mindburst (3)
   (You found it on level 2 of the Orcish Mines)
 s - a wand of polymorph (26)
   (You found it on level 4 of the Dungeon)
 u - a wand of paralysis (6)
   (You found it on level 10 of the Dungeon)
 D - a wand of digging (9)
   (You found it on level 9 of the Dungeon)
 S - a wand of light (3)
   (You found it on level 13 of the Dungeon)
Scrolls
 c - 2 scrolls of summoning
 e - 4 scrolls of immolation {!r}
 n - 5 scrolls of fear
 t - 12 scrolls of teleportation {@r4}
 x - 3 scrolls of poison {!r}
 A - 4 scrolls of magic mapping
 B - 8 scrolls of fog
 G - 2 scrolls of noise {!r}
 W - 2 scrolls of blinking
Potions
 g - 5 potions of lignification {!q}
 h - 4 potions of cancellation
 i - a potion of berserk rage
 p - 3 potions of haste {@q3}
 w - 3 potions of mutation {!q}
 I - 6 potions of heal wounds {@q2}
 L - 2 potions of resistance
 P - 13 potions of curing {@q1}
 T - 5 potions of attraction {!q}
 V - 2 potions of invisibility
 X - 2 potions of flight
Miscellaneous
 E - a condenser vane (inert)
   (You found it on level 3 of the Lair of Beasts)
 Q - a tin of tremorstones (2/2)
   (You found it on level 15 of the Dungeon)
 R - a phantom mirror
   (You found it in a Gauntlet)


   Skills:
 + Level 14.1 Fighting
 * Level 14.3(17.0) Axes
 - Level 15.0(17.3) Maces & Flails
 - Level 18.0 Ranged Weapons
 - Level 7.8 Armour
 - Level 3.2 Dodging
 - Level 1.6 Stealth
 + Level 7.2 Evocations


You had 14 spell levels left.
You didn't know any spells.
Your spell library was empty.

Dungeon Overview and Level Annotations

Branches:
Dungeon (15/15)            Temple (0/1) D:7            Lair (5/5) D:11
 Shoals (0/4) Lair:2        Snake (0/4) Lair:2        Slime (0/5) Lair:4
    Orc (2/2) D:9             Elf (0/3) Orc:2        Vaults (0/5) D:13
Gauntlet (visited)
 Depths: D:15

Altars:
Dithmenos
Fedhas
Gozag
Hepliaklqana
Okawaru
Uskayaw
Wu Jian
Xom

Shops:
D:5 [   D:8 [   D:9 *?   D:10 *   Orc:1 !   Orc:2 =**?*

Annotations:
Orc:1 1 runed translucent door, Kuoschy's ghost, journeyman OpDe


Innate Abilities, Weirdness & Mutations

You have a pair of horns on your head.
You reflexively headbutt those who attack you in melee.
Armour fits poorly on your strangely shaped body.


Message History

The frost giant freezes you. The phantasmal warrior gestures at you.
The phantasmal warrior blinks!
An ettin comes into view. It is wielding two +0 dire flails.
You hit the frost giant but do no damage.
The frost giant closely misses you. You furiously retaliate!
You headbutt the frost giant.
The frost giant points at you and mumbles some strange words.
The bolt of cold hits you!!
* * * LOW HITPOINT WARNING * * *
The phantasmal warrior gestures at you.
The phantasmal warrior blinks!
Unknown command.
Clouds of freezing vapour condense around you!
The condenser dries out!
The frost giant is engulfed in freezing vapours.
The frost giant hits you with a +0 battleaxe of freezing.
* * * LOW HITPOINT WARNING * * *
The frost giant freezes you.
* * * LOW HITPOINT WARNING * * *
The phantasmal warrior is engulfed in freezing vapours.
The ettin is engulfed in freezing vapours.
A red film seems to cover your vision as you go berserk!
You feel yourself moving faster!
You feel mighty!
The frost giant is engulfed in freezing vapours.
The frost giant hits you with a +0 battleaxe of freezing!!
* * * LOW HITPOINT WARNING * * *
The frost giant freezes you.
* * * LOW HITPOINT WARNING * * *
You barely miss the frost giant.
The frost giant is engulfed in freezing vapours.
The frost giant points at you and mumbles some strange words.
The bolt of cold hits you!
* * * LOW HITPOINT WARNING * * *
The phantasmal warrior is engulfed in freezing vapours.
You chop the frost giant into pieces!!! Your headbutt misses the frost giant.
Your skin stops crawling.
You feel less strong-willed.
You barely miss the frost giant. You headbutt the frost giant!!
The frost giant is engulfed in freezing vapours.
The frost giant casts a spell at you. The bolt of cold hits you!!
* * * LOW HITPOINT WARNING * * *
The phantasmal warrior is engulfed in freezing vapours.
You slice the frost giant!!
You kill the frost giant!
Trog accepts your kill.
Trog appreciates your killing of a magic user.
The phantasmal warrior is engulfed in freezing vapours.
You barely miss the phantasmal warrior. The phantasmal warrior hits you!!
You die...

#†##.##.####.##.##.#.[...)'
#.#.##†##. ##.##.#.#.....##
#.#.#.##.) ##†#.#)#)#..##.
#.#.#.#§§§ #.#.#.#.####..
#.#.#(#§§§ #.#.#.#.# #..
#.#.#.##.§ ##.#.#.#.# ###
#)#.##.##☼ ##.##.#.#.####..
#.##.##.#W##.##.##.#.#.....
##.##.#.##@.##.##.##.#.....
##.#)##†####.##.##.##.....
#.##.##....###)##.##.....
##.##.#########.##.###'##
##.##...†....##.##.##...
##.###.##....##.#.#....
##..#)#......#.#.#....
##.#.#...[..#.#.#....
#.#)##....##.#.##..#


You could see a phantasmal warrior.

Vanquished Creatures
  Saint Roka (Orc:2)
  A sphinx (D:13)
  A frost giant (D:13)
  A cacodemon (Gauntlet)
  A minotaur (Gauntlet)
  The ghost of asti the Severer, a journeyman MiBe of Trog (D:12)
  An entropy weaver (shapeshifter) (D:13)
  An entropy weaver (Gauntlet)
  The ghost of Beavis the Fighter, a journeyman DsHu of Vehumet (D:10)
  Erolcha (D:12)
  4 vault guards (D:13)
  3 hydras
  4 boulder beetles
  A catoblepas (Lair:2)
  2 two-headed ogres
  12 centaur warriors (D:13)
  4 death yaks (Lair:1)
  4 orc high priests
  Amaemon (D:11)
  7 orc knights
  A wizard (D:15)
  3 deep elf pyromancers
  5 ugly things (D:13)
  7 manticores
  3 cyclopes
  5 orc sorcerers
  An oklob plant (Lair:1)
  A moth of wrath (shapeshifter) (D:13)
  A moth of wrath (Gauntlet)
  A black mamba (Lair:2)
  13 elephants
  A gargoyle (D:13)
  An orange demon (Lair:1)
  7 cane toads
  A minotaur zombie (Gauntlet)
  4 rime drakes
  A kobold demonologist (D:9)
  A cane toad (shapeshifter) (D:13)
  6 komodo dragons
  A komodo dragon (shapeshifter) (Gauntlet)
  2 tengu conjurers (D:13)
  6 efreet
  5 polar bears (Lair:5)
  10 trolls
  Grinder (D:3)
  9 blink frogs
  A wind drake (Lair:2)
  Prince Ribbit (D:6)
  A dream sheep (shapeshifter) (Gauntlet)
  8 hornets
  7 dream sheep (Lair:5)
  A shadow (D:10)
  A vampire (D:11)
  25 spriggans
  34 yaks
  2 wraiths
  A wyvern (Lair:4)
  A steam dragon (D:8)
  2 redbacks (Gauntlet)
  A basilisk (shapeshifter) (Gauntlet)
  A golden eye (shapeshifter) (D:13)
  2 fire elementals (Gauntlet)
  A human (D:13)
  5 vampire mosquitoes (D:13)
  6 basilisks
  2 nagas (Lair:2)
  Menkaure (D:4)
  5 wargs
  8 water moccasins
  2 hell hounds (Gauntlet)
  2 acid dragons
  24 orc warriors
  An ice beast (D:7)
  5 black bears
  7 ogres
  33 wolves
  3 boggarts (Lair:5)
  12 centaurs
  3 phantoms
  2 kobold brigands
  4 gnoll sergeants
  13 bullfrogs
  A necrophage (D:5)
  2 scorpions (D:6)
  4 wights (D:9)
  Dowan (D:7)
  37 killer bees
  6 electric eels
  11 howler monkeys
  A crimson imp (D:12)
  4 jellies
  3 hounds
  19 orc priests
  3 iguanas
  22 orc wizards
  25 gnolls
  4 adders
  A shadow imp (D:6)
  2 white imps
  An ufetubus (D:3)
  4 worms
  4 dart slugs
  94 orcs
  10 ball pythons
  7 endoplasms
  3 giant cockroaches (D:1)
  10 goblins
  7 hobgoblins
  2 jackals (D:1)
  7 quokkas
  13 bats
  4 frilled lizards
  13 kobolds
  7 rats
709 creatures vanquished.

Vanquished Creatures (collateral kills)
  A blink frog (Lair:4)
  A dream sheep (Lair:5)
  2 yaks (Lair:2)
  A basilisk (Lair:2)
  An orc warrior (Orc:2)
  An ogre (Orc:2)
  An orc wizard (Orc:2)
  8 orcs
16 creatures vanquished.

Vanquished Creatures (others)
  A slime creature (D:13)
  An orc (Orc:2)
  37 fungi
  82 plants
121 creatures vanquished.

Grand Total: 846 creatures vanquished

Notes
Turn   | Place    | Note
-------+----------+-------------------------------------------
     0 | D:1      | Pooter the Minotaur Berserker began the quest for the Orb.
     0 | D:1      | Reached XP level 1. HP: 19/19 MP: 0/0
   121 | D:1      | Reached XP level 2. HP: 26/26 MP: 1/1
   537 | D:1      | Reached skill level 5 in Axes
   604 | D:1      | Reached XP level 3. HP: 31/31 MP: 2/2
   629 | D:1      | Reached ** piety under Trog
   939 | D:2      | Found a faded altar of an unknown god.
  1542 | D:3      | Reached XP level 4. HP: 39/39 MP: 3/3
  1695 | D:3      | Noticed Grinder
  1710 | D:3      | Paralysed by Grinder for 4 turns
  1755 | D:3      | Paralysed by Grinder for 4 turns
  1760 | D:3      | Killed Grinder
  1761 | D:3      | Reached XP level 5. HP: 45/45 MP: 4/4
  1761 | D:3      | Reached XP level 6. HP: 51/51 MP: 5/5
  1949 | D:3      | Reached *** piety under Trog
  2270 | D:4      | Reached skill level 1 in Maces & Flails
  2333 | D:4      | Reached skill level 1 in Ranged Weapons
  2487 | D:4      | Found a shadowy altar of Dithmenos.
  2502 | D:4      | Reached XP level 7. HP: 52/57 MP: 6/6
  2652 | D:4      | Noticed Menkaure
  2658 | D:4      | Killed Menkaure
  2659 | D:4      | Reached skill level 2 in Ranged Weapons
  3018 | D:4      | Reached skill level 3 in Ranged Weapons
  3020 | D:4      | Reached skill level 5 in Maces & Flails
  3303 | D:5      | Entered Level 5 of the Dungeon
  3462 | D:5      | Reached XP level 8. HP: 64/64 MP: 7/7
  3597 | D:5      | Found Michael's Dragon-Slaying Spoils.
  3840 | D:5      | Reached skill level 4 in Ranged Weapons
  4012 | D:5      | Identified the +2 robe "Vappysim" {rN+ Will+ Regen+}
  4888 | D:6      | Reached skill level 5 in Ranged Weapons
  5285 | D:6      | Noticed Prince Ribbit
  5295 | D:6      | Killed Prince Ribbit
  5327 | D:6      | Identified the +0 robe of Melyckat {rCorr}
  5339 | D:6      | Reached skill level 6 in Ranged Weapons
  5339 | D:6      | Reached XP level 9. HP: 68/71 MP: 8/8
  6154 | D:7      | Noticed Duvessa
  6155 | D:7      | Duvessa changed into Duvessa the wolf
  6155 | D:7      | Noticed Duvessa
  6155 | D:7      | Noticed Dowan
  6161 | D:7      | Killed Dowan
  6168 | D:7      | Killed Duvessa the wolf
  6246 | D:7      | Found an opulent altar of Gozag.
  6248 | D:7      | Found a hide-covered altar of Uskayaw.
  6307 | D:6      | Reached skill level 5 in Fighting
  6310 | D:6      | Reached skill level 7 in Ranged Weapons
  6423 | D:7      | Found a staircase to the Ecumenical Temple.
  6458 | D:7      | Found an iron altar of Okawaru.
  6877 | D:7      | Reached skill level 10 in Maces & Flails
  7181 | D:8      | Reached skill level 8 in Ranged Weapons
  7316 | D:8      | Found the +2 ratskin cloak {*Rats rPois rN+ Str-1 Int-1
                  | Dex+1}
  7343 | D:8      | Found Inalan's Superior Scales.
  7722 | D:9      | Reached XP level 10. HP: 83/83 MP: 9/9
  7854 | D:9      | Reached skill level 9 in Ranged Weapons
  7857 | D:9      | Reached **** piety under Trog
  8180 | D:9      | Noticed a cyclops
  8185 | D:9      | Killed a cyclops
  8186 | D:9      | Reached skill level 10 in Ranged Weapons
  8229 | D:9      | Found Lymn's CLEARANCE SALE!.
  8236 | D:9      | Bought a scroll of poison for 24 gold pieces
  8236 | D:9      | Bought the amulet of Jiunut {Reflect rElec Regen+ rCorr
                  | SH+5} for 297 gold pieces
  8236 | D:9      | Bought a potion of curing for 18 gold pieces
  8253 | D:9      | Found Vedavoo's Magic Scroll Boutique.
  8262 | D:9      | Bought a scroll of noise for 13 gold pieces
  8262 | D:9      | Bought a scroll of brand weapon for 123 gold pieces
  8262 | D:9      | Bought a scroll of identify for 26 gold pieces
  8357 | D:9      | Found a staircase to the Orcish Mines.
  8386 | D:9      | Bought a scroll of identify for 26 gold pieces
  8386 | D:9      | Bought a scroll of identify for 26 gold pieces
  8669 | D:9      | Found a blossoming altar of Fedhas.
  8748 | Orc:1    | Entered Level 1 of the Orcish Mines
  8748 | Orc:1    | Noticed an orc knight
  8774 | Orc:1    | Killed an orc knight
  8787 | Orc:1    | Reached XP level 11. HP: 84/94 MP: 10/10
  8787 | Orc:1    | Noticed an orc high priest
  8834 | Orc:1    | Killed an orc high priest
  8995 | Orc:1    | Reached skill level 11 in Ranged Weapons
  9012 | Orc:1    | Found Raur's Distillery.
  9019 | Orc:1    | Bought a potion of heal wounds for 70 gold pieces
  9019 | Orc:1    | Bought a potion of curing for 42 gold pieces
  9019 | Orc:1    | Bought a potion of resistance for 140 gold pieces
  9019 | Orc:1    | Bought a potion of degeneration for 14 gold pieces
  9068 | Orc:1    | Found a runed translucent door.
  9068 | Orc:1    | Found a shimmering altar of Xom.
  9068 | Orc:1    | Noticed Kuoschy's ghost (journeyman OpDe)
  9068 | Orc:1    | Noticed a +1 scimitar of chaos
  9181 | Orc:2    | Entered Level 2 of the Orcish Mines
  9223 | Orc:2    | Noticed an orc sorcerer
  9243 | Orc:2    | Killed an orc sorcerer
  9302 | Orc:2    | Noticed Sonja
  9304 | Orc:2    | Sonja changed into Sonja the basilisk
  9304 | Orc:2    | Noticed Sonja
  9312 | Orc:2    | Killed Sonja the basilisk
  9499 | Orc:1    | Bought a potion of cancellation for 112 gold pieces
  9572 | Orc:2    | Upgraded the game from 0.30-a0-799-g109b55a442 to
                  | 0.30-a0-800-g7c544603b3
  9576 | Orc:2    | Found a staircase to the Elven Halls.
  9686 | Orc:2    | Noticed Saint Roka
  9711 | Orc:2    | Killed Saint Roka
  9795 | Orc:2    | Noticed an orc knight
  9805 | Orc:2    | Killed an orc knight
  9806 | Orc:2    | Reached skill level 12 in Ranged Weapons
  9870 | Orc:2    | Found Becaesti's Assorted Antiques.
  9888 | Orc:2    | Bought a large granite ring for 140 gold pieces
  9888 | Orc:2    | Bought a metallic brown potion for 25 gold pieces
 10010 | Orc:2    | Noticed an orc high priest
 10019 | Orc:2    | Killed an orc high priest
 10026 | Orc:2    | Noticed an orc knight
 10051 | Orc:2    | Killed an orc knight
 10082 | Orc:2    | Noticed an orc high priest
 10085 | Orc:2    | Noticed an orc sorcerer
 10085 | Orc:2    | Noticed an orc knight
 10089 | Orc:2    | Killed an orc high priest
 10090 | Orc:2    | Reached XP level 12. HP: 84/105 MP: 11/11
 10093 | Orc:2    | Noticed an orc high priest
 10105 | Orc:2    | Killed an orc high priest
 10205 | Orc:2    | Found Mipipadd's General Store.
 10205 | Orc:2    | Found Woibeh's Jewellery Boutique.
 10207 | Orc:2    | Found Unill's Magic Scroll Emporium.
 10207 | Orc:2    | Found Neolure's General Store.
 10213 | Orc:2    | Bought a scroll of identify for 22 gold pieces
 10216 | Orc:2    | Bought a scroll of identify for 28 gold pieces
 10216 | Orc:2    | Bought a scroll of identify for 28 gold pieces
 10216 | Orc:2    | Bought a scroll of identify for 28 gold pieces
 10377 | Orc:2    | Reached skill level 15 in Maces & Flails
 10651 | D:10     | Entered Level 10 of the Dungeon
 10699 | D:10     | Found Pidiezukk's General Store.
 10708 | D:10     | Bought a scroll of enchant weapon for 105 gold pieces
 10924 | D:10     | Found a hazy altar of Hepliaklqana.
 10994 | D:10     | Identified the -1 buckler "Tikoshre" {Str+3 Stlth+}
 11003 | D:10     | Found an ornate altar of the Wu Jian Council.
 11164 | D:10     | Noticed Beavis's ghost (journeyman DsHu)
 11195 | D:10     | Found a runed translucent gate.
 11196 | D:10     | Found a runed translucent gate.
 11196 | D:10     | Found a runed translucent gate.
 11240 | D:10     | Reached skill level 10 in Fighting
 11249 | D:10     | Reached skill level 13 in Ranged Weapons
 11268 | D:10     | Killed Beavis's ghost
 11462 | D:11     | Found a staircase to the Lair.
 11542 | D:11     | Noticed a boulder beetle
 11547 | D:11     | Killed a boulder beetle
 11548 | D:11     | Reached skill level 5 in Armour
 11639 | D:11     | Noticed a two-headed ogre
 11644 | D:11     | Killed a two-headed ogre
 11841 | Lair:1   | Entered Level 1 of the Lair of Beasts
 11843 | Lair:1   | Noticed Amaemon
 11959 | D:11     | Killed Amaemon
 12075 | Lair:1   | Found a gate leading to a gauntlet.
 12084 | Gauntlet | Entered a Gauntlet
 12084 | Gauntlet | Found a transporter.
 12088 | Gauntlet | Found a transporter.
 12090 | Gauntlet | Found a transporter.
 12156 | Gauntlet | Found a transporter.
 12181 | Gauntlet | Found a transporter.
 12181 | Gauntlet | Found a transporter.
 12183 | Gauntlet | Found a transporter.
 12187 | Gauntlet | Noticed an entropy weaver
 12211 | Gauntlet | Found a transporter.
 12211 | Gauntlet | Found a transporter.
 12218 | Gauntlet | Killed an entropy weaver
 12219 | Gauntlet | Reached XP level 13. HP: 115/115 MP: 12/12
 12220 | Gauntlet | Reached skill level 14 in Ranged Weapons
 12369 | Gauntlet | Found a transporter.
 12373 | Gauntlet | Noticed a cacodemon
 12381 | Gauntlet | Found a transporter.
 12381 | Gauntlet | Found a transporter.
 12389 | Gauntlet | Gained mutation: Armour fits poorly on your strangely
                  | shaped body. [a cacodemon]
 12391 | Gauntlet | Killed a cacodemon
 12392 | Gauntlet | Reached skill level 5 in Evocations
 12441 | Gauntlet | Found a transporter.
 12443 | Gauntlet | Identified the amulet "Puntocox" {RegenMP rF++}
 12471 | Gauntlet | Found a transporter.
 12496 | Gauntlet | Identified the +4 plate armour "Mogretel" {rN+ Str+3}
 12518 | Gauntlet | Identified the +9 mace of Instinct {vamp, rElec}
 12518 | Gauntlet | Identified the ring of Ofutinio {rN++ Will+ Str+3 Int-4}
 12518 | Gauntlet | Noticed a minotaur
 12524 | Gauntlet | Killed a minotaur
 13725 | Lair:2   | Reached skill level 15 in Ranged Weapons
 13725 | Lair:2   | Reached skill level 1 in Stealth
 13949 | Lair:2   | Found a staircase to the Snake Pit.
 14393 | Lair:2   | Found a staircase to the Shoals.
 14927 | Lair:3   | Reached XP level 14. HP: 124/126 MP: 13/13
 14939 | Lair:3   | Identified the +1 long sword of the Crawling Thing
                  | {antimagic, rElec}
 15514 | Lair:3   | Reached skill level 10 in Axes
 16160 | Lair:4   | Found a staircase to the Slime Pits.
 16346 | Lair:5   | Entered Level 5 of the Lair of Beasts
 16556 | Lair:5   | Reached skill level 16 in Ranged Weapons
 19118 | D:5      | Bought the +0 swamp dragon scales "Teaciuv" {rPois Slay+5}
                  | for 936 gold pieces
 19458 | D:12     | Found a runed translucent door.
 19620 | Orc:2    | Bought a scroll of magic mapping for 105 gold pieces
 19884 | D:12     | Noticed asti's ghost (journeyman MiBe)
 19891 | D:12     | Noticed Erolcha
 19900 | D:12     | Killed Erolcha
 19901 | D:12     | Reached skill level 17 in Ranged Weapons
 19965 | D:12     | Killed asti's ghost
 20338 | D:13     | You fall into a shaft and drop 2 floors!
 20338 | D:15     | Entered Level 15 of the Dungeon
 20360 | D:15     | Identified the +0 robe of the Contumacious God {rElec}
 20659 | D:13     | Reached XP level 15. HP: 120/136 MP: 14/14
 21961 | D:13     | Found a gate to the Vaults.
 23317 | D:13     | Reached skill level 18 in Ranged Weapons
 23346 | D:13     | Noticed a sphinx
 23350 | D:13     | Killed a sphinx
 23357 | D:13     | Noticed a frost giant
 23367 | D:13     | HP: 1/207 [frost giant/bolt of cold (29)]
 23368 | D:13     | Killed a frost giant
 23369 | D:13     | Demolished by a phantasmal warrior

Illustrated notes

Levels and vault maps discovered:
D:1:      evilmike_arrival_rings, layout_loops_ring, minmay_cut_off
D:2:      layout_basic, shapermc_ecumenical_altar_mp_highgroup
D:3:      layout_rooms, minmay_misc_feat_encased, minmay_goblin_kobold_house,
          uniq_grinder
D:4:      layout_loops_ring, nicolae_dithmenos_shadow_blocks, serial_bayou,
          serial_bayou_pond_e, serial_bayou_shore_b, serial_bayou_lagoon_a,
          serial_bayou_ford_a, columned_hall_lemuel,
          chequers_serial_rivers_small_a, nicolae_grassy_gnolls, uniq_menkaure
D:5:      layout_loops_corners, nicolae_shop_dragon_depot
D:6:      kennysheep_spiral_hall, layout_basic, serial_shops, shop,
          uniq_prince_ribbit1
D:7:      layout_basic, mainiacjoe_overflow_small_starburst,
          nicolae_overflow_hidden_temple, temple_doors_e, serial_glass,
          glass_columns_c, glass_columns_b, uniq_duvessa
D:8:      layout_cave_pools, hellmonk_scale_shop
D:9:      layout_basic, overflow_temple_1_default, hiddenorc2_lemuel,
          serial_shops, shop, nicolae_shop_clearance
D:10:     layout_roguey, lemuel_crystal_altar, mainiacjoe_overflow_alcove_1,
          serial_shops, shop, biasface_ghost_orc_armoury
D:11:     layout_big_octagon, lair_entry_dummy
D:12:     layout_rooms, hellmonk_ghost_happy_afterlife, minmay_fire_ice_demons,
          uniq_erolcha
D:13:     kennysheep_snake, layout_gridville, grunt_vaults_entry_fortified
D:14:     layout_roguey, chequers_serial_rivers_marsh, minivault_16, uniq_kirke
D:15:     hangedman_depths_entry_try_elsewhere_first, layout_rooms,
          minmay_misc_feat_four_crosses, kennysheep_okawaru_gauntlet
Lair:1:   statuecave_lemuel, layout_regular_city, gauntlet_entry_generic,
          minmay_lair_oklob_items, uniq_amaemon
Lair:2:   layout_loops_ring, minmay_shoals_entry_beasts,
          guppyfry_snake_entry_island
Lair:3:   wad_woods_minihive, layout_regular_city, chequers_serial_rivers_marsh,
          chequers_serial_rivers_room_b
Lair:4:   layout_loops_ring, dpeg_slime_entry_enclosed
Lair:5:   minmay_lair_end_enchanted_forest, layout_gridlike, serial_bayou_lake_a
Orc:1:    layout_diamond_mine, serial_shops, shop, ebering_ghost_xom
Orc:2:    grunt_orc_tribal_feast, layout_caves, serial_shops, shop,
          mines1_david, uniq_sonja, uniq_saint_roka

Skill      XL: |  1  2  3  4  5  6  7  8  9 10 11 12 13 14 15 |
---------------+----------------------------------------------+-----
Axes           | 4 5 6 8 9 12 14 | 14.3
Maces & Flails | 2 6 8 10 12 14 15 | 15.0
Ranged Weapons | 1 3 6 8 10 12 13 15 17 18 | 18.0
Fighting       | 4 6 7 9 10 12 13 14 | 14.1
Evocations     | 2 4 6 7 |  7.2
Armour         | 3 6 7 |  7.8
Stealth        | 1 |  1.6
Dodging        | 3 |  3.2

Action                     |  1- 3 |  4- 6 |  7- 9 | 10-12 | 13-15 || total
---------------------------+-------+-------+-------+-------+-------++-------
  Melee: Hand axe          |   115 |    61 |       |       |       ||   176
         Headbutt          |     7 |     7 |    23 |    61 |    92 ||   190
         Flail             |       |    23 |   228 |    34 |       ||   285
         Punch             |       |       |     1 |     3 |     4 ||     8
         Morningstar       |       |       |       |   327 |   150 ||   477
         Battleaxe         |       |       |       |       |   343 ||   343
   Fire: Sling             |       |    21 |    36 |       |       ||    57
         Arbalest          |       |       |    44 |   123 |   431 ||   598
  Throw: Stone             |     4 |     5 |       |       |       ||     9
         Dart              |       |       |       |     6 |       ||     6
         Boomerang         |       |       |       |     5 |     3 ||     8
 Invoke: Berserk           |     1 |     4 |    12 |    17 |    16 ||    50
         Trog's Hand       |       |     1 |    10 |    24 |    30 ||    65
  Evoke: Wand              |       |       |     7 |     6 |    16 ||    29
         Condenser vane    |       |       |       |       |     1 ||     1
    Use: Scroll            |     2 |     1 |     9 |    21 |    10 ||    43
         Potion            |       |       |       |     6 |     2 ||     8
   Stab: Sleeping          |     1 |       |       |       |       ||     1
         Invisible         |       |       |       |     4 |       ||     4
         Distracted        |       |       |       |     1 |       ||     1
         Petrified         |       |       |       |       |     4 ||     4
 Armour: Animal skin       |    15 |       |       |       |       ||    15
         Chain mail        |    29 |    46 |   110 |       |       ||   185
         Plate armour      |       |       |    56 |   301 |   375 ||   732
         Swamp dragon scal |       |       |       |       |    64 ||    64
  Dodge: Dodged            |    70 |    51 |   126 |   185 |   324 ||   756
         Repelled          |       |       |       |       |     4 ||     4
  Block: Kite shield       |       |     1 |    36 |       |       ||    37
         Other             |       |       |       |   103 |   140 ||   243
         Reflection        |       |       |       |     5 |     9 ||    14

Table legend: (Time is in decaauts)
 A = Elapsed time spent in this place.
 B = Non-inter-level travel time spent in this place.
 C = Inter-level travel time spent in this place.
 D = Time resting spent in this place.
 E = Time spent auto-exploring this place.
 F = Levels seen in this place.
 G = Mean time per level.
                   A        B        C        D        E       F      G
               +--------+--------+--------+--------+--------+-----+--------+
         Total |  24293 |  22766 |   1527 |   5925 |  11220 |  23 | 1056.2 |
       Dungeon |  15119 |  14086 |   1033 |   3501 |   7563 |  15 | 1007.9 |
          Lair |   6427 |   6188 |    239 |   1710 |   3076 |   5 | 1285.4 |
  Orcish Mines |   2058 |   1804 |    254 |    259 |    546 |   2 | 1029.0 |
      Gauntlet |    687 |    687 |      0 |    454 |     33 |   1 |  687.0 |
               +--------+--------+--------+--------+--------+-----+--------+

Top non-repeatable levels by time:
    D:13: 2965 daAuts
  Lair:5: 2492 daAuts
     D:5: 1655 daAuts
     D:6: 1537 daAuts
     D:9: 1423 daAuts
   Orc:2: 1292 daAuts
     D:4: 1128 daAuts
  Lair:2: 1107 daAuts
  Lair:1: 1078 daAuts
  Lair:3: 963 daAuts
     D:1: 942 daAuts
    D:11: 869 daAuts
     D:7: 837 daAuts
  Lair:4: 784 daAuts
     D:3: 781 daAuts
